 Dungeon Crawl Stone Soup version 0.16.1-7-g2c6721e (webtiles) character file.

67126 wojtek the Nimble (level 15, 0/100 HPs)
             Began as a Kobold Assassin on Mar 29, 2015.
             Was the Champion of Makhleb.
             Slain by an unseen horror (5 damage)
             ... on level 1 of the Abyss.
             The game lasted 02:01:27 (42638 turns).

wojtek the Nimble (Kobold Assassin)                Turns: 42638, Time: 02:01:27

Health: 0/100      AC: 19    Str: 13    XL:     15   Next: 64%
Magic:  19/19      EV: 30    Int: 14    God:    Makhleb [******]
Gold:   2539       SH:  0    Dex: 22    Spells: 3 memorised, 7 levels left

rFire  + . .     SeeInvis +     a - +2 short sword (freeze)
rCold  . . .     Rnd*Rage +     W - +1 robe of Brilliance {+Blink rElec MP-9 Slay+3 Stlth-}
rNeg   . . .     SustAb   .     (no shield)
rPois  .         Gourm    .     G - +2 helmet "Zyunecsio" {+Fly MR- Str+4 Dex+2 SInv}
rElec  +         Spirit   .     d - +0 cloak
rCorr  .         Warding  .     j - +2 pair of gloves {rF+}
rMut   .         Rnd*Tele +     y - +2 pair of boots
MR     .....                    (no amulet)
Stlth  +++.......               N - +4 ring of protection
                                R - +6 ring of dexterity

@: not resistant to hostile enchantments, fairly stealthy
A: berserk 1, blurry vision 3, carnivore 3, clumsy 2, deterioration 1, screaming
1, slow healing 1, teleportitis 1, weak 1, placid magic 1, MP-powered wands 1
a: Minor Destruction, Lesser Servant of Makhleb, Major Destruction, Greater
Servant of Makhleb, Renounce Religion, Evoke Blink, Evoke Flight


You were on level 1 of the Abyss.
You worshipped Makhleb.
Makhleb was exalted by your worship.
You were full.

You visited 4 branches of the dungeon, and saw 24 of its levels.
You visited the Abyss 1 time.
You also visited: Volcano.

You collected 2639 gold pieces.
You spent 100 gold pieces at shops.

Inventory:

Hand weapons
 a - a +2 short sword of freezing (weapon)
 b - a +1 blowgun
 q - a +2 dagger of flaming
 A - a +1 short sword of draining
Missiles
 e - 101 poisoned needles
 f - 17 curare-tipped needles {=f}
 l - 4 throwing nets (quivered)
Armour
 d - a +0 cloak (worn)
 j - a +2 pair of gloves of fire resistance (worn)
 m - a +0 buckler
 y - a +2 pair of boots (worn)
 G - the +2 helmet "Zyunecsio" (worn) {+Fly MR- Str+4 Dex+2 SInv}
   (You found it on level 4 of the Dungeon)

   It affects your strength (+4).
   It affects your dexterity (+2).
   It affects your resistance to hostile enchantments.
   It enhances your eyesight.
   It lets you fly.
 M - a +2 hat of magic resistance
 W - the +1 robe of Brilliance (worn) {+Blink rElec MP-9 Slay+3 Stlth-}
   (You found it on level 3 of the Orcish Mines)

   It affects your accuracy and damage with ranged weapons and melee attacks
   (+3).
   It insulates you from electricity.
   It affects your magic capacity (-9).
   It lets you blink.
   It makes you less stealthy.
Magical staves
 o - an uncursed staff of fire
 w - an uncursed staff of energy
Jewellery
 h - a +6 ring of intelligence
 s - a +3 ring of strength
 N - a +4 ring of protection (right hand)
 R - a +6 ring of dexterity (left hand)
 Y - a +2 ring of slaying
Magical devices
 p - a wand of lightning (4)
 F - a wand of digging (13)
 J - a wand of frost (19)
 L - a wand of hasting (5)
 O - a wand of fireball (5)
 S - a wand of flame (13)
 U - a wand of enslavement (11)
 V - a wand of cold (10)
Scrolls
 c - a scroll of torment {unknown}
 i - 3 scrolls of vulnerability {unknown}
 r - 4 scrolls of random uselessness {unknown}
 t - 10 scrolls of remove curse
 u - 3 scrolls of magic mapping
 v - a scroll of enchant weapon
 x - 4 scrolls of fear {unknown}
 B - 5 scrolls of recharging {unknown}
 C - 4 scrolls of enchant armour {unknown}
 D - 5 scrolls of teleportation
 I - 4 scrolls of identify
Potions
 k - 9 potions of curing
 n - a potion of invisibility
 z - a potion of cancellation {unknown}
 E - 4 potions of restore abilities
 H - 6 potions of agility
 K - 2 potions of resistance
 P - 3 potions of heal wounds
 Q - a potion of flight
 T - 5 potions of might
 X - 3 potions of ambrosia
 Z - 2 potions of lignification
Comestibles
 g - 5 meat rations


   Skills:
 + Level 13.8 Fighting
 + Level 13.2 Short Blades
 - Level 2.6 Throwing
 + Level 8.3 Armour
 + Level 14.4 Dodging
 - Level 5.3 Stealth
 - Level 7.4 Hexes
 - Level 6.0 Charms
 - Level 10.1 Invocations


You had 7 spell levels left.
You knew the following spells:

 Your Spells              Type           Power        Failure   Level  Hunger
a - Spectral Weapon       Hex/Chrm       ##......     3%          3    ####...
b - Song of Slaying       Chrm           ##......     1%          2    ###....
c - Repel Missiles        Chrm/Air       #.....       7%          2    ###....


Dungeon Overview and Level Annotations

Branches:
Dungeon (12/15)            Temple (1/1) D:6            Lair (8/8) D:8
  Swamp (0/5) Lair:4       Spider (0/5) Lair:5        Slime (0/6) Lair:6
    Orc (3/4) D:11            Elf (0/3) Orc:3

Altars:
Ashenzari
Cheibriados
Dithmenos
Fedhas
Gozag
Kikubaaqudgha
Makhleb
Okawaru
Qazlal
Ru
Sif Muna
Trog
Vehumet
Zin
The Shining One
Beogh
Jiyva

Shops:
D:5 *   Orc:3 *[*(

Annotations:
D:11 exclusion: hydra
Lair:1 exclusions: 2 black mambas and hippogriff
Lair:4 exclusions: black mamba and 2 death yaks
Lair:5 Harold


Innate Abilities, Weirdness & Mutations

You are small and have problems with some larger weapons.
You are carnivorous and can eat meat at any time.
[You tend to lose your temper in combat.]
[Scrolls take you much longer to read.]
[You are very clumsy. (Dex -4)]
[Your body is slowly deteriorating.]
[You occasionally shout uncontrollably at your foes.]
[You heal slowly when monsters are visible.]
[Space occasionally distorts in your vicinity.]
[You are weak. (Str -2)]
[Your spells are a little easier to cast, but a little less powerful.]
[You expend magic power (3 MP) to slightly strengthen your wands.]


Message History

Keep reading the scroll? [Y]es or [N]o only, please.
Keep reading the scroll?
The Executioner gestures at you. Pain shoots through your body!
* * * LOW HITPOINT WARNING * * *
The deep elf demonologist completely misses you.
The Executioner gestures.
The Executioner seems to speed up.
You begin reading the scroll.
You continue reading the scroll.
The Executioner hits you but does no damage.
The Executioner hits you.
* * * LOW HITPOINT WARNING * * *
The Executioner misses you. The Executioner hits you!
* * * LOW HITPOINT WARNING * * *
The Executioner hits you.
* * * LOW HITPOINT WARNING * * *
The Executioner hits you but does no damage.
The unseen horror hits you.
You die...

# . . #. . ..#.
.# ≈ .#. .. ≈ ≈
##.######. ≈≈ ≈
#....#..##≈♣≈≈≈≈
##.#@.§..#≈≈≈≈≈≈
#§e1x#.#.≈≈≈≈≈
##..##≈≈≈≈≈≈≈≈
#.##.≈≈≈≈≈≈≈≈♣
#. ≈#≈≈≈≈≈≈#. ..
..≈≈≈≈♣♣≈.. #.
.≈≈≈≈≈≈≈ ## .##
≈≈≈≈≈≈ . .
≈≈≈≈≈≈≈ #


You could see an Executioner, a deep elf demonologist and an unseen horror
(invisible).

Vanquished Creatures
  A lorocyproca (Abyss:1)
  8 hydras
  A centaur warrior (D:11)
  A death yak (Lair:8)
  Nergalle (Lair:8)
  A fire crab (Lair:8)
  3 hill giants
  An orc sorcerer (Orc:3)
  2 manticores (Lair:8)
  An oklob plant (Lair:8)
  10 black mambas
  21 elephants
  A torpor snail (Lair:5)
  10 spiny frogs
  2 gargoyles
  An efreet (Abyss:1)
  6 komodo dragons
  7 trolls
  A queen bee (D:8)
  3 two-headed ogres
  A fire drake (Lair:6)
  10 blink frogs
  Prince Ribbit (D:4)
  A trapdoor spider zombie (D:11)
  4 raiju (Abyss:1)
  3 basilisks
  A hungry ghost (D:12)
  2 fire bats (Lair:8)
  A ynoxinul (Abyss:1)
  A wraith (Abyss:1)
  12 hippogriffs
  38 yaks
  5 deep elf magi
  3 wyverns (Lair:8)
  4 fire elementals
  7 vampire mosquitoes (D:12)
  A steam dragon (D:4)
  2 wargs (Orc:1)
  3 wolves
  6 swamp worms (Lair:4)
  7 water moccasins
  Edmund (D:6)
  A swamp drake (Orc:3)
  7 porcupines
  An eye of draining (D:10)
  8 spiders (Lair:5)
  2 wasps
  A sky beast (D:7)
  3 black bears
  16 orc warriors
  5 ice beasts
  6 necrophages
  9 centaurs
  7 ogres
  2 boring beetles (Lair:5)
  3 phantoms
  22 crocodiles
  Duvessa (D:6)
  4 big kobolds
  Blork the orc (Orc:3)
  A gnoll sergeant (D:11)
  A wyvern zombie (D:6)
  12 giant frogs
  5 scorpions
  17 wights
  41 killer bees
  4 electric eels
  7 crimson imps
  A goliath beetle (D:6)
  4 jellies
  12 orc priests
  Dowan (D:6)
  3 centaur zombies
  2 iron imps
  5 quasits
  11 iguanas
  3 giant frog skeletons
  11 hounds
  3 centaur skeletons
  2 gnoll shamans
  25 orc wizards
  8 worker ants
  7 hell rats (Lair:4)
  6 sheep
  A killer bee zombie (D:7)
  Ijyb (D:6)
  A hound skeleton (D:8)
  4 mummies
  34 adders
  12 gnolls
  41 river rats
  4 shadow imps
  A giant mite (D:6)
  A white imp (Orc:3)
  4 worms
  2 ufetubi (Abyss:1)
  4 giant geckos
  2 oozes
  160 orcs
  18 bats
  A bat zombie (D:8)
  6 giant cockroaches
  15 hobgoblins
  45 kobolds
  15 quokkas
  A ball python (D:4)
  2 giant gecko skeletons
  A giant gecko zombie (D:5)
  12 giant newts
  A giant spore (D:9)
  24 goblins
  9 jackals
  A quokka skeleton (D:4)
  2 quokka zombies
  21 rats
  36 ballistomycetes (D:9)
969 creatures vanquished.

Vanquished Creatures (collateral kills)
  Gastronok (D:9)
  Snorg (Lair:7)
  A fire dragon (Lair:8)
  5 hydras
  A catoblepas (Lair:6)
  A spiny frog (Lair:6)
  An orange crystal statue (D:9)
  A fire drake (Lair:3)
  A komodo dragon (Lair:6)
  3 blink frogs (Lair:7)
  A basilisk (Lair:8)
  3 yaks (Lair:7)
  4 wolves (Lair:7)
  A water moccasin (Lair:5)
  3 crocodiles (Lair:2)
  A big kobold (D:9)
  A giant frog (Lair:3)
  An electric eel (Lair:3)
  A river rat (D:9)
  An orc (D:9)
  3 kobolds (D:9)
  A fungus (Lair:8)
  2 plants (Lair:6)
39 creatures vanquished.

Vanquished Creatures (others)
  14 spectral weapons
  An orc warrior (D:10)
  A quasit (Abyss:1)
  A river rat (Lair:8)
  A giant cockroach (D:8)
  A kobold (D:8)
  A giant gecko (D:8)
  3 giant spores (D:9)
  A rat (D:8)
  A ballistomycete (D:9)
  A bush (D:8)
  13 fungi
  10 plants
  12 starspawn tentacles (Abyss:1)
  263 starspawn tentacle segments (Abyss:1)
324 creatures vanquished.

Grand Total: 1332 creatures vanquished

Notes
Turn   | Place    | Note
--------------------------------------------------------------
     0 | D:1      | wojtek, the Kobold Assassin, began the quest for the Orb.
     0 | D:1      | Reached XP level 1. HP: 12/12 MP: 1/1
   301 | D:1      | Reached XP level 2. HP: 14/17 MP: 2/2
  1101 | D:1      | Reached XP level 3. HP: 17/21 MP: 3/3
  1489 | D:2      | Reached skill level 5 in Short Blades
  1577 | D:2      | Reached XP level 4. HP: 26/26 MP: 4/4
  2036 | D:2      | Reached skill level 6 in Short Blades
  2318 | D:3      | Reached XP level 5. HP: 25/30 MP: 5/5
  2874 | D:3      | Reached skill level 7 in Short Blades
  2898 | D:3      | Found a sacrificial altar of Ru.
  3072 | D:3      | Reached XP level 6. HP: 24/35 MP: 6/6
  3222 | D:4      | Noticed Prince Ribbit
  3309 | D:4      | Reached skill level 8 in Short Blades
  3398 | D:4      | Found a snail-covered altar of Cheibriados.
  3411 | D:4      | Found a large runed door.
  3411 | D:4      | Found a large runed door.
  3464 | D:4      | Got a dazzling helmet
  3470 | D:4      | Identified the +2 helmet "Zyunecsio" {+Fly MR- Str+4 Dex+2 SInv} (You found it on level 4 of the Dungeon)
  3917 | D:4      | Reached XP level 7. HP: 40/40 MP: 7/7
  4024 | D:4      | Found a large runed door.
  4028 | D:4      | Found a large runed door.
  4051 | D:4      | Noticed a steam dragon
  4162 | D:5      | Entered Level 5 of the Dungeon
  4500 | D:5      | Found Maczoes' Assorted Antiques.
  5004 | D:5      | Found a deep blue altar of Sif Muna.
  5260 | D:6      | Reached XP level 8. HP: 29/48 MP: 8/8
  5359 | D:6      | Found an opulent altar of Gozag.
  5536 | D:6      | Reached skill level 5 in Fighting
  5751 | D:6      | Noticed Dowan
  5755 | D:6      | Noticed Duvessa
  5785 | D:6      | Killed Dowan
  5785 | D:6      | Reached skill level 5 in Dodging
  5976 | D:6      | Noticed Ijyb
  6007 | D:6      | Killed Ijyb
  6170 | D:6      | Killed Duvessa
  6732 | D:6      | Noticed Edmund
  6781 | D:6      | Killed Edmund
  6838 | D:6      | Found a staircase to the Ecumenical Temple.
  7028 | D:6      | HP: 2/52 [wyvern zombie (15)]
  7415 | D:8      | Reached XP level 9. HP: 15/56 MP: 9/9
  7745 | D:7      | Found a stormy altar of Qazlal.
  7931 | D:7      | Found a shattered altar of Ashenzari.
  8570 | D:7      | Found a glowing silver altar of Zin.
  8570 | D:7      | Found a burning altar of Makhleb.
  8571 | D:7      | Noticed a balrug
  8571 | D:7      | Noticed an angel
  8577 | D:7      | Became a worshipper of Makhleb the Destroyer
  8814 | D:7      | Reached skill level 1 in Invocations
  9693 | D:8      | Reached skill level 9 in Dodging
  9922 | D:8      | Found a blossoming altar of Fedhas.
 10011 | D:8      | Acquired Makhleb's first power
 10025 | D:8      | Found a staircase to the Lair.
 10080 | D:8      | Reached XP level 10. HP: 65/65 MP: 15/15
 10123 | D:8      | Found a radiant altar of Vehumet.
 10355 | D:8      | Acquired Makhleb's second power
 11551 | D:7      | Reached skill level 10 in Dodging
 11551 | D:7      | Reached skill level 5 in Invocations
 11914 | Lair:1   | Entered Level 1 of the Lair of Beasts
 11942 | Lair:1   | Noticed a black mamba
 11958 | Lair:1   | Killed a black mamba
 11963 | Lair:1   | Found a dark tunnel.
 12042 | Volcano  | Entered a volcano
 12172 | Volcano  | Noticed a gargoyle
 12203 | Volcano  | Killed a gargoyle
 12203 | Volcano  | Reached skill level 1 in Armour
 12257 | Volcano  | Reached skill level 10 in Fighting
 12288 | Volcano  | Noticed a molten gargoyle
 12637 | Lair:1   | Noticed a black mamba
 12681 | Lair:1   | Noticed a black mamba
 12739 | Lair:1   | Noticed a spiny frog
 12951 | Lair:1   | Noticed a black mamba
 13670 | Lair:2   | Noticed a spiny frog
 13758 | D:9      | Noticed an orange crystal statue
 13792 | D:9      | Reached XP level 11. HP: 72/72 MP: 19/21
 14001 | D:9      | Paralysed by a wasp for 3 turns
 14288 | D:9      | Noticed Gastronok
 14332 | D:9      | Found an iron altar of Okawaru.
 14355 | D:9      | Acquired Makhleb's third power
 14368 | D:9      | Found an ancient bone altar of Kikubaaqudgha.
 14826 | D:9      | Reached skill level 11 in Dodging
 15854 | D:9      | Acquired Makhleb's fourth power
 17037 | D:4      | Killed Prince Ribbit
 17227 | D:4      | Found a shadowy altar of Dithmenos.
 17401 | D:4      | Noticed a troll
 17407 | D:4      | Killed a troll
 17455 | D:4      | Killed a steam dragon
 18045 | D:10     | Entered Level 10 of the Dungeon
 18453 | D:10     | Noticed a hill giant
 18525 | D:10     | Killed a hill giant
 18907 | D:10     | Acquired Makhleb's fifth power
 18907 | D:10     | Reached XP level 12. HP: 80/80 MP: 23/23
 19788 | D:9      | Killed Gastronok
 20020 | D:9      | Killed an orange crystal statue
 20020 | D:9      | Reached skill level 12 in Dodging
 20236 | Temple   | Entered the Ecumenical Temple
 20585 | D:9      | Found an iron altar of Okawaru.
 21206 | D:9      | You fall through a shaft for 3 floors!
 21362 | D:12     | Reached skill level 5 in Armour
 21577 | D:12     | Paralysed by a crimson imp for 4 turns
 21585 | D:12     | Paralysed by a crimson imp for 4 turns
 21594 | D:12     | Paralysed by a crimson imp for 6 turns
 21606 | D:12     | Paralysed by a crimson imp for 3 turns
 21856 | D:12     | Got a shimmering plate armour
 21991 | D:12     | Reached skill level 10 in Short Blades
 23723 | D:11     | Noticed a centaur warrior
 23767 | D:11     | Killed a centaur warrior
 24725 | D:11     | Reached XP level 13. HP: 86/86 MP: 26/26
 24936 | D:11     | Noticed a six-headed hydra
 24965 | D:11     | Found a staircase to the Orcish Mines.
 25265 | D:9      | Found an iron altar of Okawaru.
 25579 | D:9      | Found an ancient bone altar of Kikubaaqudgha.
 26987 | Lair:1   | Killed a spiny frog
 27032 | Lair:1   | Killed a spiny frog
 27075 | Lair:2   | Killed a black mamba
 27543 | Lair:2   | Reached skill level 13 in Dodging
 27562 | Lair:2   | Noticed a six-headed hydra
 27571 | Lair:2   | Killed a six-headed hydra
 27661 | Lair:2   | Reached skill level 10 in Invocations
 27697 | Lair:2   | Noticed a seven-headed hydra
 27700 | Lair:2   | Killed a seven-headed hydra
 29715 | Lair:2   | Learned a level 3 spell: Spectral Weapon
 29718 | Lair:2   | Learned a level 2 spell: Song of Slaying
 29805 | Lair:4   | Reached skill level 1 in Hexes
 29849 | Lair:4   | Reached skill level 1 in Charms
 31006 | Lair:4   | Found a staircase to the Swamp.
 32257 | Lair:5   | Noticed Harold
 32395 | Lair:5   | Reached XP level 14. HP: 58/92 MP: 27/27
 33119 | Lair:5   | Found a hole to the Spider Nest.
 33447 | Lair:6   | Reached skill level 5 in Hexes
 34053 | Lair:6   | Found a viscous altar of Jiyva.
 34053 | Lair:6   | Found a staircase to the Slime Pits.
 34131 | Lair:6   | HP: 4/92 [something/blast of calcifying dust (8)]
 34133 | Lair:6   | HP: 1/92 [something/blast of calcifying dust (4)]
 34556 | Lair:6   | Reached skill level 5 in Charms
 35346 | Lair:7   | Noticed Snorg
 35359 | Lair:7   | Killed Snorg
 36487 | Orc:1    | Entered Level 1 of the Orcish Mines
 37741 | Orc:3    | Found Ankoq's General Store.
 37748 | Orc:3    | Found Schiud's Armour Shoppe.
 38037 | Orc:3    | Found a staircase to the Elven Halls.
 38046 | Orc:3    | Found Bludarocse's Antique Weapon Boutique.
 38046 | Orc:3    | Found Eshriust's Assorted Antiques.
 38061 | Orc:3    | Found a roughly hewn altar of Beogh.
 38101 | Orc:3    | Bought a scroll labeled CIYSUH INWES for 20 gold pieces
 38101 | Orc:3    | Bought a runed iron wand for 80 gold pieces
 38964 | Orc:3    | Noticed Blork the orc
 38966 | Orc:3    | Killed Blork the orc
 39080 | Orc:3    | Got a bloodstained robe
 39158 | Orc:3    | Identified the +1 robe of Brilliance {+Blink rElec MP-9 Slay+3 Stlth-} (You found it on level 3 of the Orcish Mines)
 39557 | Lair:2   | Learned a level 2 spell: Repel Missiles
 39672 | Lair:8   | Entered Level 8 of the Lair of Beasts
 39815 | Lair:8   | Noticed Nergalle
 39850 | Lair:8   | Reached XP level 15. HP: 68/98 MP: 17/28
 39860 | Lair:8   | Killed Nergalle
 40693 | Lair:8   | Reached skill level 14 in Dodging
 41824 | Lair:8   | Cast into the Abyss (a wizard)
 41824 | Abyss:1  | Found a corrupted altar of Lugonu.
 41962 | Abyss:1  | Noticed a bone dragon
 41976 | Abyss:1  | Found an ancient bone altar of Kikubaaqudgha.
 42361 | Abyss:1  | Noticed an ancient lich
 42425 | Abyss:1  | Gained mutation: [Scrolls take you much longer to read.] [a neqoxec]
 42428 | Abyss:1  | Found a corrupted altar of Lugonu.
 42505 | Abyss:1  | Noticed a tentacled starspawn
 42520 | Abyss:1  | Noticed a purple draconian zealot
 42636 | Abyss:1  | Noticed an Executioner
 42638 | Abyss:1  | HP: 5/100 [Executioner[a deep elf demonologist] (1)]
 42638 | Abyss:1  | Slain by an unseen horror

Action                   |  1- 3 |  4- 6 |  7- 9 | 10-12 | 13-15 || total
-------------------------+-------+-------+-------+-------+-------++-------
Melee: Dagger            |    35 |       |   302 |  2207 |   322 ||  2866
       Short sword       |    85 |   220 |   454 |   760 |  2507 ||  4026
       Unarmed           |       |       |       |   297 |       ||   297
 Fire: Blowgun           |       |       |    31 |    29 |       ||    60
 Cast: Song of Slaying   |       |       |       |       |     9 ||     9
       Spectral Weapon   |       |       |       |       |    41 ||    41
Invok: Greater Servant o |       |       |       |     2 |    14 ||    16
       Minor Destruction |       |       |       |       |    58 ||    58
       Lesser Servant of |       |       |       |       |     1 ||     1
       Major Destruction |       |       |       |       |    13 ||    13
Evoke: Wand              |       |       |     2 |     5 |     1 ||     8
  Use: Potion            |       |       |     2 |     7 |     7 ||    16
       Scroll            |       |       |     1 |     9 |    20 ||    30
 Stab: Distracted        |     1 |       |     4 |     4 |    25 ||    34
       Sleeping          |     6 |    19 |    18 |    13 |    32 ||    88
       Fleeing           |       |       |     1 |       |       ||     1
  Eat: Chunk             |    15 |     7 |    25 |    59 |    69 ||   175
       Royal jelly       |       |       |       |       |     1 ||     1
